 Dungeon Sprint DCSS version 0.30.1-11-g7821555f0a (webtiles) character file.

Game seed: 9161827130516597356

814 Heoruswealwe the Spear-Bearer (level 7, -5/73 HPs)
             Began as a Minotaur Fighter on Jan 2, 2024.
             Was an Initiate of Gozag.
             Shot with an arrow by a centaur warrior (10 damage)
             ... in the Dungeon (Sprint IX: "|||||||||||||||||||||||||||||").
             The game lasted 00:01:46 (140 turns).

Heoruswealwe the Spear-Bearer (Minotaur Fighter)     Turns: 140, Time: 00:01:48

Health: -5/73      AC:  8    Str: 22    XL:     7   Next: 62%
Magic:  6/6        EV:  9    Int:  5    God:    Gozag
Gold:   396        SH:  4    Dex: 10    Spells: 6/6 levels left

rFire   . . .        a - +0 trident
rCold   . . .        d - +0 buckler
rNeg    . . .        c - +0 scale mail
rPois   .            (helmet restricted)
rElec   .            (no cloak)
rCorr   .            (no gloves)
SInv    .            (no boots)
Will    .....        (no amulet) Stlth
                     (no ring)
HPRegen 0.32/turn    (no ring)
MPRegen 0.10/turn

%: no teleportation
@: no status effects
A: horns 2, retaliatory headbutt
a: Renounce Religion, Potion Petition, Call Merchant, Bribe Branch


You were in the Dungeon.
You worshipped Gozag.
Gozag was aware of your devotion.
You visited 1 branch You collected 396 gold pieces.

Inventory:

Hand Weapons
 a - a +0 trident (weapon)
Armour
 c - a +0 scale mail (worn)
 d - a +0 buckler (worn)
Jewellery
 k - a +2 ring of protection
 l - a +2 ring of evasion
Wands
 h - a wand of quicksilver (10)
Scrolls
 j - 2 scrolls of blinking
Potions
 b - a potion of might
 e - 4 potions of curing
 f - 3 potions of heal wounds
 g - a potion of haste
 i - a potion of berserk rage


   Skills:
 + Level 10.7 Fighting
 * Level 14.2 Polearms
 + Level 10.7 Armour
 - Level 3.6 Shields


You had 6 spell levels left.
You didn't know any spells.
Your spell library was empty.

Dungeon Overview and Level Annotations

Branches:
Dungeon (1/1)

Altars:
Cheibriados
Dithmenos
Elyvilon
Fedhas
Gozag
Hepliaklqana
Kikubaaqudgha
Makhleb
Nemelex Xobeh
Okawaru
Qazlal
Ru
Sif Muna
Trog
Uskayaw
Vehumet
Wu Jian
Xom
Yredelemnul
Zin
The Shining One
Jiyva
Lugonu


Innate Abilities, Weirdness & Mutations

You have a pair of horns on your head.
You reflexively headbutt those who attack you in melee.


Message History

You hit the kobold demonologist but do no damage.
The kobold demonologist is moderately wounded.
The kobold demonologist hits you but does no damage.
You closely miss the kobold demonologist.
The kobold demonologist is moderately wounded.
The kobold demonologist closely misses you.
You closely miss the kobold demonologist.
The kobold demonologist is moderately wounded.
The kobold demonologist barely misses you.
You furiously retaliate!
You headbutt the kobold demonologist!
You closely miss the kobold demonologist.
The kobold demonologist is severely wounded.
You hit the kobold demonologist.
The kobold demonologist is severely wounded.
The kobold demonologist hits you with a +0 dagger.
* * * LOW HITPOINT WARNING * * *
You hit the kobold demonologist but do no damage.
Your headbutt misses the kobold demonologist.
The kobold demonologist is severely wounded.
You closely miss the kobold demonologist.
The kobold demonologist is severely wounded.
The kobold demonologist hits you with a +0 dagger.
* * * LOW HITPOINT WARNING * * *
You puncture the kobold demonologist!
You kill the kobold demonologist!
Your Fighting skill increases to level 10!
Your Polearms skill increases to level 14!
Your Armour skill increases to level 10!
You now have 396 gold pieces.
There is an open door to the Dungeon, spattered with blood here.
Items here: ( )))) [[.
Okay, then.
You open the door. 2 centaur warriors, a vampire mosquito, a troll, a brown ugly thing and a cyclops come into view.
The centaur warrior shouts!
The vampire mosquito buzzes angrily.
The troll shouts!
The brown ugly thing gurgles horribly!
The cyclops shouts!
The centaur warrior wields a +0 longbow.
The centaur warrior shoots an arrow.
The arrow hits you!
You die...
Your body crumbles into a pile of gold.

$
▓.▓
▓.▓
$ $
▓)▓
▓.▓
$
▓.▓
$
▓.▓
$ $
▓.▓
$
▓.▓
$
▓@▓
▓'▓
▓c▓
▓c▓
▓y▓
▓T▓
▓u▓
▓C▓


You could see a brown ugly thing, 2 centaur warriors, a cyclops, a troll and a
vampire mosquito.

Vanquished Creatures
  A kobold demonologist (D)
  A wraith (D)
  An acid dragon (D)
  2 kobold brigands (D)
  A scorpion (D)
  A gnoll bouda (D)
  An iguana (D)
  An orc wizard (D)
  An adder (D)
  A worm (D)
  An endoplasm (D)
  A giant cockroach (D)
  A goblin (D)
  2 kobolds (D)
16 creatures vanquished.

Notes
Turn   | Place    | Note
-------+----------+-------------------------------------------
     0 | D        | Heoruswealwe the Minotaur Fighter began the quest for the
                  | Orb.
     0 | D        | Reached XP level 1. HP: 19/19 MP: 0/0
     6 | D        | Reached skill level 3 in Polearms
    20 | D        | Noticed an iguana
    20 | D        | Noticed a scorpion
    20 | D        | Noticed a gnoll bouda
    26 | D        | Reached skill level 4 in Polearms
    26 | D        | Reached XP level 2. HP: 17/28 MP: 1/1
    31 | D        | Reached skill level 5 in Polearms
    35 | D        | Reached skill level 5 in Fighting
    35 | D        | Reached skill level 6 in Polearms
    35 | D        | Reached skill level 5 in Armour
    35 | D        | Reached XP level 3. HP: 11/36 MP: 2/2
    36 | D        | Killed a scorpion
    37 | D        | Reached skill level 7 in Polearms
    37 | D        | Reached XP level 4. HP: 14/45 MP: 3/3
    43 | D        | Reached skill level 8 in Polearms
    48 | D        | Found a snail-covered altar of Cheibriados.
    48 | D        | Found a shadowy altar of Dithmenos.
    48 | D        | Found a white marble altar of Elyvilon.
    48 | D        | Found a blossoming altar of Fedhas.
    48 | D        | Found an opulent altar of Gozag.
    49 | D        | Found a hazy altar of Hepliaklqana.
    50 | D        | Found a viscous altar of Jiyva.
    51 | D        | Found an ancient bone altar of Kikubaaqudgha.
    52 | D        | Found a corrupted altar of Lugonu.
    53 | D        | Found a burning altar of Makhleb.
    54 | D        | Found a sparkling altar of Nemelex Xobeh.
    55 | D        | Found an iron altar of Okawaru.
    56 | D        | Became a worshipper of Gozag Ym Sagoz the Greedy
    57 | D        | Found a stormy altar of Qazlal.
    58 | D        | Found a sacrificial altar of Ru.
    59 | D        | Found a shimmering blue altar of Sif Muna.
    60 | D        | Found a bloodstained altar of Trog.
    61 | D        | Found a hide-covered altar of Uskayaw.
    62 | D        | Found a radiant altar of Vehumet.
    63 | D        | Found an ornate altar of the Wu Jian Council.
    64 | D        | Found a shimmering altar of Xom.
    65 | D        | Found a basalt altar of Yredelemnul.
    66 | D        | Found a glowing silver altar of Zin.
    67 | D        | Found a glowing golden altar of the Shining One.
    91 | D        | Noticed a kobold brigand
    91 | D        | Noticed a kobold brigand
    91 | D        | Noticed a wraith
    91 | D        | Noticed an acid dragon
    91 | D        | Noticed a kobold demonologist
    94 | D        | Reached skill level 9 in Polearms
    94 | D        | Reached XP level 5. HP: 19/52 MP: 4/4
   100 | D        | Reached skill level 10 in Polearms
   103 | D        | Noticed a hellwing
   113 | D        | Reached skill level 11 in Polearms
   113 | D        | Reached XP level 6. HP: 8/62 MP: 5/5
   117 | D        | Killed a wraith
   118 | D        | Reached skill level 12 in Polearms
   119 | D        | HP: 1/64 [hellwing[a kobold demonologist] (6)]
   121 | D        | Killed an acid dragon
   122 | D        | Reached skill level 13 in Polearms
   122 | D        | Reached XP level 7. HP: 2/71 MP: 6/6
   128 | D        | HP: 2/71 [kobold demonologist/+0 dagger (1)]
   131 | D        | Killed a kobold demonologist
   132 | D        | Reached skill level 10 in Fighting
   132 | D        | Reached skill level 14 in Polearms
   132 | D        | Reached skill level 10 in Armour
   140 | D        | Noticed a centaur warrior
   140 | D        | Noticed a centaur warrior
   140 | D        | Noticed a vampire mosquito
   140 | D        | Noticed a troll
   140 | D        | Noticed a brown ugly thing
   140 | D        | Noticed a cyclops
   140 | D        | Shot with an arrow by a centaur warrior

Illustrated notes

Levels and vault maps discovered:
D:        linesprint [early_d, line_temple, items_1, d_10, items_2, lair_1,
          lair_end, items_3, orc_1, orc_end, items_4, d_15, swamp_1, shoals_1,
          snake_1, spider_1, d_20, vaults_1, items_5, swamp_end, shoals_end,
          snake_end, spider_end, vaults_end, d_27, items_6, zot_1, zot_end,
          crypt_end, forest_end, elf_end, slime_end, tomb_end, abyss_end,
          pan_hell_end]

Skill      XL: |  1  2  3  4  5  6  7 |
---------------+----------------------+-----
Polearms       | 4 6 7 9 11 13 14 | 14.2
Fighting       | 4 5 6 7 8 9 10 | 10.7
Armour         | 4 5 6 7 8 9 10 | 10.7
Shields        | |  3.6

Action                     |  1- 3 |  4- 6 |  7- 9 || total
---------------------------+-------+-------+-------++-------
  Melee: Trident           |    23 |    36 |    10 ||    69
         Headbutt          |     1 |     8 |     1 ||    10
    Use: Potion            |     1 |       |       ||     1
 Armour: Scale mail        |     7 |     5 |     2 ||    14
  Dodge: Dodged            |     6 |     5 |     2 ||    13
  Block: Buckler           |     2 |     5 |       ||     7
